Map: Acropolis LE

Players

Cham - Winner!

  • Race: Zerg Zerg
  • Spawn Location: 11:00

Ziggy

  • Race: Terran Terran
  • Spawn Location: 5:00

Event: 2019 WCS Summer

VOD

Have the link to the VOD?

Description

Time

  • Played on: July 12, 2019, 7:03 a.m.
  • Length: 14:20

All games in this series

Show
View Real Time Build Order
Export as new Build Order

Cham Zerg - Winner!

Build Orders: Hatch First 

Get SALT Encoding   

  12  0:00  Drone  
  13  0:09  Drone  
  14  0:16  Overlord  
  14  0:35  Drone x2  
  16  0:48  Hatchery  
  15  0:51  Drone  
  15  0:55  Drone  
  17  0:59  Drone  
  18  1:10  Extractor  
  17  1:14  Spawning Pool  
  17  1:17  Drone  
  17  1:21  Drone  
  18  1:29  Drone  
  19  1:40  Drone  
  20  1:51  Overlord  
  20  2:01  Queen  
  24  2:04  Zergling x4  
  24  2:09  Spine Crawler  
  21  2:21  Zergling x2  
  21  2:22  Zergling x2  
  19  2:45  Drone x2  
  19  2:49  Drone  
  22  2:54  Drone  
  22  2:56  Drone  
  24  3:01  Drone  
  25  3:07  Drone  
  25  3:08  Drone  
  25  3:11  Drone  
  28  3:19  Drone  
  29  3:24  Queen  
  31  3:28  Overlord  
  31  3:34  Drone x2  
  31  3:38  Drone  
  34  3:47  Drone x3  
  34  3:48  Drone  
  38  4:00  Hatchery  
  38  4:02  Drone  
  38  4:04  Drone  
  38  4:08  Metabolic Boost  
  39  4:10  Drone  
  39  4:13  Drone  
  39  4:14  Drone  
  42  4:18  Overlord  
  42  4:23  Drone  
  43  4:24  Overlord  
  43  4:36  Extractor, Roach Warren  
  43  4:37  Extractor  
  40  4:39  Drone x3  
  40  4:41  Drone  
  40  4:43  Drone  
  40  4:44  Drone  
  46  4:48  Overlord  
  46  4:52  Overlord  
  46  5:02  Overlord  
  45  5:08  Zergling x10  
  48  5:22  Roach x6  
  48  5:24  Roach  
  48  5:28  Roach  
  64  5:33  Roach x2  
  67  5:36  Overlord  
  67  5:39  Roach  
  69  5:43  Roach  
  71  5:52  Roach, Overlord  
  69  6:06  Drone  
  69  6:09  Drone  
  69  6:10  Drone  
  69  6:11  Roach x6  
  74  6:17  Drone x2  
  72  6:19  Drone  
  72  6:22  Drone x3  
  70  6:27  Queen  
  70  6:29  Drone  
  70  6:30  Drone  
  70  6:31  Drone  
  70  6:34  Ravager  
  70  6:35  Ravager  
  70  6:37  Queen  
  74  6:41  Queen  
  76  6:47  Spore Crawler x2  
  76  6:49  Spore Crawler  
  76  6:50  Drone x3  
  76  6:53  Drone x2  
  78  6:54  Drone  
  79  7:03  Drone  
  79  7:04  Lair  
  79  7:07  Extractor  
  79  7:08  Drone x2  
  81  7:09  Evolution Chamber  
  81  7:12  Drone  
  81  7:14  Drone  
  82  7:15  Queen  
  82  7:18  Queen  
  82  7:19  Drone  
  87  7:25  Overlord  
  87  7:26  Drone x2  
  89  7:34  Drone  
  89  7:35  Zerg Missile Weapons Level 1  
  90  7:37  Overlord  
  90  7:38  Overlord  
  90  7:49  Extractor  
  90  7:50  Extractor  
  87  7:54  Drone  
  87  7:55  Drone x9  
  97  7:59  Overlord  
  97  8:01  Glial Reconstitution  
  97  8:02  Hatchery  
  97  8:04  Evolution Chamber, Overlord  
  97  8:05  Drone  
  96  8:09  Roach x5  
  106  8:17  Roach  
  108  8:22  Roach x2  
  108  8:25  Roach  
  114  8:28  Roach x6  
  114  8:32  Zerg Ground Armor Level 1  
  114  8:33  Overlord  
  126  8:34  Roach  
  126  8:39  Roach  
  130  8:43  Overlord x2  
  130  8:51  Overlord  
  130  8:52  Roach x3  
  130  8:53  Roach  
  138  9:02  Overlord  
  138  9:03  Roach x2  
  138  9:07  Roach x6  
  138  9:09  Roach  
  156  9:13  Roach  
  158  9:18  Roach x2  
  158  9:19  Roach  
  158  9:21  Overseer  
  158  9:23  Roach x3  
  158  9:24  Roach  
  172  9:28  Drone  
  172  9:29  Infestation Pit, Ravager x2  
  172  9:30  Ravager x2  
  176  9:32  Overlord x2  
  176  9:41  Spire  
  176  9:45  Drone x4  
  164  9:46  Drone x6  
  164  9:50  Drone  
  170  9:55  Drone  
  170  9:57  Drone  
  159  10:04  Drone  
  159  10:06  Extractor, Spore Crawler  
  139  10:07  Queen x4  
  139  10:08  Spore Crawler  
  139  10:11  Infestor x2  
  139  10:13  Drone  
  139  10:14  Drone  
  120  10:23  Spore Crawler  
  120  10:25  Drone  
  120  10:26  Drone, Spore Crawler  
  120  10:27  Spore Crawler  
  103  10:30  Spore Crawler x2  
  103  10:33  Spore Crawler  
  103  10:34  Spore Crawler  
  95  10:37  Spore Crawler  
  95  10:42  Drone x3  
  97  10:43  Drone x7, Queen x2  
  97  10:44  Zergling x2  
  97  10:45  Zergling x2  
  110  11:03  Mutalisk x9  
  128  11:05  Extractor  
  128  11:10  Overseer  
  125  11:13  Overseer, Zerg Flyer Weapons Level 1  
  125  11:15  Mutalisk  
  125  11:16  Mutalisk x3  
  125  11:21  Mutalisk x2  
  125  11:25  Mutalisk  
  125  11:27  Mutalisk  
  127  11:44  Hatchery  
  127  11:45  Roach x7  
  140  11:51  Roach x5  
  140  11:52  Roach  
  140  11:53  Roach  
  156  11:54  Roach  
  156  12:00  Spore Crawler  
  155  12:01  Overlord  
  155  12:02  Roach x2  
  155  12:04  Roach  
  161  12:10  Roach  
  161  12:15  Corruptor x3  
  165  12:25  Corruptor  
  165  12:26  Zergling x4  
  165  12:27  Zergling x4  
  160  12:37  Corruptor x2  
  160  12:43  Corruptor  
  165  12:44  Zergling x2  
  165  12:49  Drone x2  
  162  12:54  Drone  
  163  13:00  Corruptor x2  
  165  13:09  Hatchery  
  150  13:13  Corruptor  
  150  13:17  Corruptor x2  
  147  13:20  Corruptor  
  147  13:22  Corruptor x2  
  151  13:28  Corruptor  
  151  13:29  Drone x2  
  151  13:32  Corruptor  
  155  13:41  Corruptor x2  
  151  13:43  Drone x2  
  151  14:01  Extractor  
  146  14:02  Spore Crawler  
  146  14:06  Extractor  
Show
View Real Time Build Order
Export as new Build Order

Ziggy Terran 

Build Orders:  

Get SALT Encoding   

  12  0:00  SCV  
  13  0:12  SCV  
  14  0:18  Supply Depot  
  14  0:24  SCV  
  15  0:43  Barracks  
  15  0:50  Barracks  
  15  0:54  SCV  
  16  1:06  SCV  
  16  1:08  Refinery  
  17  1:18  SCV  
  18  1:30  Marine  
  18  1:31  Orbital Command  
  19  1:35  Supply Depot  
  19  1:37  Marine  
  20  1:48  Marine  
  21  1:54  Marine  
  21  1:59  Bunker  
  21  2:00  Bunker  
  22  2:06  Marine  
  23  2:20  Marine  
  20  2:30  Factory  
  20  2:33  SCV  
  20  2:42  Refinery  
  18  2:45  SCV  
  18  2:49  Command Center  
  18  2:59  SCV  
  19  3:11  SCV  
  20  3:13  Hellion  
  20  3:16  Starport  
  22  3:24  SCV  
  22  3:26  Marine x2  
  25  3:36  SCV  
  25  3:40  Factory Reactor  
  26  3:45  Marine x2  
  26  3:48  SCV  
  29  3:49  Supply Depot  
  29  3:54  Viking  
  31  4:03  Orbital Command  
  31  4:08  Marine x2  
  33  4:16  Hellion  
  35  4:20  Orbital Command, Hellion  
  37  4:28  Armory  
  37  4:33  Medivac  
  39  4:43  Armory, Hellion  
  39  4:44  Hellion  
  43  4:49  Marine x2  
  45  4:59  Supply Depot  
  45  5:03  Medivac  
  45  5:05  Hellion  
  49  5:08  Hellion  
  49  5:12  Marine x2  
  53  5:29  Marine  
  53  5:30  Marine  
  53  5:32  Hellion x2  
  59  5:35  Starport Tech Lab  
  59  5:41  Supply Depot  
  59  5:47  Marine x2  
  61  5:52  Orbital Command  
  59  5:58  Hellion  
  59  6:01  Hellion  
  59  6:04  Supply Depot  
  48  6:14  SCV  
  48  6:16  Banshee  
  47  6:20  SCV  
  46  6:26  SCV  
  43  6:33  SCV  
  43  6:38  SCV  
  45  6:41  Cloaking Field  
  45  6:45  SCV  
  46  6:50  SCV  
  47  6:56  Hellion x2  
  47  6:57  SCV  
  52  7:01  Banshee  
  52  7:02  SCV  
  56  7:09  SCV  
  56  7:12  Starport  
  56  7:14  Refinery, Starport, SCV  
  58  7:17  Hellion  
  58  7:21  SCV  
  61  7:26  SCV  
  61  7:29  Supply Depot  
  62  7:33  SCV  
  62  7:34  Hellion x2  
  63  7:38  SCV  
  63  7:39  Supply Depot  
  64  7:44  Banshee  
  64  7:45  SCV  
  64  7:49  Hellion x2  
  64  7:51  Starport Tech Lab x2, SCV  
  73  7:57  SCV  
  74  8:03  SCV  
  74  8:05  Hyperflight Rotors, Supply Depot  
  75  8:09  SCV  
  75  8:10  Banshee x2  
  82  8:17  SCV  
  83  8:20  Refinery  
  83  8:21  SCV  
  83  8:23  Supply Depot  
  83  8:25  Hellion  
  83  8:26  Hellion  
  88  8:30  Banshee  
  91  8:37  SCV x2  
  93  8:45  Engineering Bay  
  93  8:53  Banshee x2  
  99  9:05  Fusion Core  
  97  9:15  Command Center  
  93  9:23  Banshee  
  90  9:27  Hellion x2  
  94  9:34  Terran Vehicle And Ship Armor Level 1  
  94  9:35  SCV x2  
  94  9:36  Banshee  
  99  9:57  Battlecruiser  
  84  10:10  Battlecruiser  
  90  10:16  SCV x2  
  79  10:28  SCV x2  
  80  10:40  SCV  
  80  10:41  SCV  
  80  10:42  Weapon Refit  
  82  10:53  SCV x2  
  81  10:58  Command Center  
  81  11:05  SCV x2  
  83  11:14  Battlecruiser  
  89  11:32  Command Center  
  89  11:34  Missile Turret x2  
  89  11:35  Missile Turret  
  89  11:38  Missile Turret  
  68  11:41  Battlecruiser  
  68  11:46  SCV x2  
  73  11:47  Missile Turret  
  73  11:56  Missile Turret  
  73  11:57  Missile Turret  
  73  11:58  SCV  
  74  12:03  Factory Reactor  
  74  12:08  SCV  
  74  12:10  Missile Turret, SCV  
  74  12:12  Missile Turret  
  73  12:16  SCV  
  74  12:23  Supply Depot  
  74  12:35  Battlecruiser  
  74  12:36  SCV x2  
  74  12:37  SCV  
  78  12:48  SCV x2  
  79  13:00  SCV x2  
  81  13:12  SCV, Hellion x2  
  84  13:23  Orbital Command  
  84  13:28  SCV  
  83  13:34  SCV  
  83  13:40  SCV  
  77  13:57  SCV x2  
Tags
 
Add a new tag
Caveats
  • Supply blocks, unpowered buildings, or Contaminate may cause inaccurate times.
  • Supply counts are checked every 10 seconds.